[Event "MČR juniorů a juniorek v rapid šachu 2023"]
[Site "Czech Republic"]
[Date "2023.09.24"]
[Round "7.15"]
[White "Mrkvan, Frantisek"]
[Black "Rucabado, Stefan"]
[Result "1-0"]
[TimeControl "20 min + 5 sec per move"]
[WhiteFideId "23721626"]
[BlackFideId "23730315"]
[WhiteElo "1601"]
[BlackElo "1782"]

1. e4 c5 2. c3 d5 3. exd5 Qxd5 4. d4 g6 5. Nf3 Bg7 6. Na3 Nf6 7. Bc4 Qe4+ 8. Qe2 Qxe2+ 9. Bxe2 cxd4 10. Nxd4 a6 11. Nc4 Nbd7 12.
O-O O-O 13. Bf4 Re8 14. Nf3 Nd5 15. Bg3 b5 16. Nce5 Nxe5 17. Nxe5 Bb7 18. Bf3 Rad8 19. Nd3 Nxc3 20. Bxb7 Ne2+ 21.
Kh1 Nxg3+ 22. hxg3 Rxd3 23. Bxa6 Rb8 24. a4 Rd2 25. Bxb5 Rxb2 26. Rab1 Ra2 27. Rbd1 e6 28.
Kg1 Bf6 29. Rd3 Rc8 30. Rf3 Kg7 31. Rd1 Rc7 32. Rd7 Rxd7 33. Bxd7 g5 34. Rd3 h5 35. Be8 Kf8 36. Bb5 Be7 37. Rc3 f5 38. Bc4 Ra1+ 39. Kh2 e5 40. Be6 f4 41. gxf4 exf4 42. Rc4 Kg7 43. Bd5 Bd6 44.
f3 g4 45. fxg4 hxg4 46. Rc6 Be5 47.
Re6 Bf6 48. Re4 Kg6 49. Be6 Kg5 50. g3 1-0

[Event "MČR juniorů a juniorek v rapid šachu 2023"]
[Site "Czech Republic"]
[Date "2023.09.24"]
[Round "7.16"]
[White "Mikolas, Petr"]
[Black "Nagyova, Daniela"]
[Result "1-0"]
[TimeControl "20 min + 5 sec per move"]
[WhiteFideId "23713224"]
[BlackFideId "390070"]
[WhiteElo "1514"]
[BlackElo "1762"]

1. e4 e5 2. Nf3 Nc6 3. Bc4 Nf6 4. Ng5 d5 5. exd5 Na5 6. Bb5+ Bd7 7. Qe2 Bxb5 8. Qxb5+ c6 9. dxc6 Nxc6 10.
Qxb7 Ne7 11. O-O Rb8 12. Qxa7 h6 13. Nf3 e4 14. Ne5 Qd6 15. Qa4+ Nd7 16. Nxd7 Qxd7 17. Qxe4 Rb6 18. Nc3 Rg6 19.
Re1 f5 20. Qd5 Rd6 21. Qb5 Rc6 22. d4 Kd8 23. d5 Rd6 24. Qxd7+ Rxd7 25. Re5 1-0

[Event "MČR juniorů a juniorek v rapid šachu 2023"]
[Site "Czech Republic"]
[Date "2023.09.24"]
[Round "7.17"]
[White "Mrazek, Adam"]
[Black "Dvorak, Jan"]
[Result "1/2-1/2"]
[TimeControl "20 min + 5 sec per move"]
[WhiteFideId "23725010"]
[BlackFideId "23730722"]
[WhiteElo "1753"]
[BlackElo "1624"]

1. c4 Nf6 2. g3 e6 3. Bg2 Nc6 4. Nf3 b6 5. O-O Bb7 6. d4 d5 7. cxd5 exd5 8. Nc3 Be7 9. Bf4 Bd6 10.
Bg5 Be7 11. Rc1 O-O 12. a3 h6 13. Bxf6 Bxf6 14. Re1 Re8 15. e3 Rc8 16. Bh3 Rb8 17. b4 Be7 18. Qb3 a5 19. b5 Na7 20.
Ne5 Qd6 21. Ra1 Bf8 22. Rec1 Rbd8 23. Qc2 c5 24. Bf5 g6 25. Bd3 c4 26. Bf1 Bg7 27. Nf3 Bc8 28. a4 Bf5 29. Qd2 Nc8 30.
Bg2 Ne7 31. Nh4 Bd3 32. Nf3 Qe6 33. Ne1 Bf5 34. Ne2 g5 35. Ra2 Nc8 36. Nc3 Ne7 37. Qb2 Rc8 38. Qa3 Red8 39. Re2 Bf8 40. Qb2 Bg7 41. Nf3 Bd3 42.
Ree1 Kh8 43. Nd2 f5 44. Nf3 Ng8 45.
Red1 Nf6 46. Ne1 Be4 47.
f3 Bd3 48. Qd2 Re8 49. Kf2 Bf8 50.
Nxd3 cxd3 51. Qxd3 Bb4 52. Na2 Bd6 53. Bh3 g4 54. Bg2 Rf8 55. f4 Ne4+ 56. Bxe4 dxe4 57. Qd2 Kg7 58. Qb2 Kg6 59. Nc3 Bb4 60. Na2 Be7 61.
Rxc8 Rxc8 62. Rc1 Rxc1 63. Nxc1 h5 64. Qc3 h4 65. Qc6 Kf7 66. d5 Qd6 67. Qxd6 Bxd6 68. Nb3 Kf6 69. Ke2 hxg3 70. hxg3 Bb4 71. Nd4 Bc5 72. Nc6 Kf7 73. Kd2 Ke8 74. Ne5 Ke7 75. Nc4 Bb4+ 76. Kc2 Bc5 77. Kc3 Kd7 78. Kd2 Ke7 79. Kc2 Kd7 80. Kd2 Ke7 81. Kc2 Kd7 82. Kd2 1/2-1/2

[Event "MČR juniorů a juniorek v rapid šachu 2023"]
[Site "Czech Republic"]
[Date "2023.09.24"]
[Round "7.18"]
[White "Havelkova, Beata"]
[Black "Stastna, Martina"]
[Result "1/2-1/2"]
[TimeControl "20 min + 5 sec per move"]
[WhiteFideId "23709405"]
[BlackFideId "385123"]
[WhiteElo "1494"]
[BlackElo "1725"]

1. e4 e5 2. Nf3 Nc6 3. Bb5 a6 4. Ba4 Nf6 5. O-O b5 6. Bb3 Be7 7. Re1 d6 8. c3 O-O 9. h3 Na5 10. Bc2 c5 11. d3 Qc7 12. Nbd2 Nc6 13. Nf1 Ne8 14. Ne3 Be6 15. Nd5 Bxd5 16. exd5 Nd8 17. d4 exd4 18. cxd4 Bf6 19. Qd3 g6 20. Bh6 Ng7 21. Rac1 Nb7 22. Qd2 Rfe8 23. Bg5 Bxg5 24. Qxg5 Rxe1+ 25. Rxe1 Re8 26. Rxe8+ Nxe8 27. h4 Qd8 28. Qxd8 Nxd8 29. dxc5 dxc5 30. Kf1 Nb7 31.
Ng5 Nf6 32. f3 h6 33. Nh3 Nd6 34. Nf4 g5 35. hxg5 hxg5 36. Nh3 Nxd5 37. Be4 Nxe4 38. fxe4 Nb4 39. Nxg5 Nxa2 40. Ke2 Kg7 41. e5 Kg6 42.
Ne4 c4 43. Nc5 Nb4 44. e6 fxe6 45. Nxe6 Nd3 46. Nc7 Nxb2 47. Nxa6 Nd3 48.
Kd2 b4 49. Nxb4 1/2-1/2

[Event "MČR juniorů a juniorek v rapid šachu 2023"]
[Site "Czech Republic"]
[Date "2023.09.24"]
[Round "7.19"]
[White "Hruby, Filip"]
[Black "Hosova, Sandra"]
[Result "1/2-1/2"]
[TimeControl "20 min + 5 sec per move"]
[WhiteFideId "23721480"]
[BlackFideId "397717"]
[WhiteElo "1460"]
[BlackElo "1682"]

1. e4 d5 2. exd5 Qxd5 3. Nf3 Bg4 4. Nc3 Qd6 5. h3 Bh5 6. Be2 Nf6 7. d4 c6 8. Be3 e6 9. Qd2 Qc7 10.
O-O-O Nbd7 11. Bf4 Bd6 12. Bxd6 Qxd6 13. Rhe1 O-O-O 14. a3 Bxf3 15. Bxf3 Nb6 16. Be2 h6 17. f3 Rd7 18. Ne4 Qe7 19. c3 Rhd8 20. Qe3 Nfd5 21. Qf2 Na4 22.
Bc4 Nab6 23. Bb3 Qe8 24. Nc5 Rd6 25. f4 Qf8 26. f5 exf5 27. Qxf5+ Kb8 28. Qe5 Ka8 29. Qg3 Rg6 30.
Qf2 Rf6 31. Qe2 1/2-1/2

[Event "MČR juniorů a juniorek v rapid šachu 2023"]
[Site "Czech Republic"]
[Date "2023.09.24"]
[Round "7.20"]
[White "Pejrimovsky, Tadeas Rubel"]
[Black "Housa, Vojtech"]
[Result "1-0"]
[TimeControl "20 min + 5 sec per move"]
[WhiteFideId "23709537"]
[BlackFideId "23736364"]
[WhiteElo "1679"]
[BlackElo "1539"]

1. e4 c5 2. b4 cxb4 3. a3 e6 4. axb4 Bxb4 5. c3 Be7 6. d4 b6 7. Bd3 Bb7 8. f4 d5 9. e5 Nd7 10.
Nf3 h6 11. O-O g5 12. f5 g4 13. Ne1 Bg5 14. fxe6 Bxc1 15. exf7+ Ke7 16. Qxc1 Ngf6 17. Bg6 Kf8 18. exf6 Nxf6 19. Qf4 Kg7 20. Bf5 Bc8 21. Bxc8 Rxc8 22.
Nd3 h5 23. Rxa7 1-0

[Event "MČR juniorů a juniorek v rapid šachu 2023"]
[Site "Czech Republic"]
[Date "2023.09.24"]
[Round "7.21"]
[White "Janouskova, Adela"]
[Black "Boff, Vojtech"]
[Result "1/2-1/2"]
[TimeControl "20 min + 5 sec per move"]
[WhiteFideId "23709804"]
[BlackFideId "23733969"]
[WhiteElo "1442"]
[BlackElo "1632"]

1. e4 c5 2. c3 d5 3. exd5 Qxd5 4.
d4 e6 5.
Nf3 cxd4 6. cxd4 Nf6 7. Nc3 Qd8 8. Be2 Be7 9. O-O Nc6 10. h3 O-O 11. Be3 b6 12. Qd2 Bb7 13. Rfd1 Nd5 14.
Nxd5 Qxd5 15. a3 Rfd8 16. Rac1 Rac8 17. Bc4 Qd7 18. Ba2 Bf6 19. Bb1 Ne7 20. Rxc8 Rxc8 21. Ng5 g6 22. Ne4 Bg7 23.
Bh6 Qc6 24. Bxg7 Kxg7 25. f3 Ng8 26. Qg5 Qd5 27. Qf4 Rd8 28. Qe3 e5 29. Nc3 exd4 30. Nxd5 dxe3 31. Nxe3 Rxd1+ 32. Nxd1 Ne7 33. Kf2 Kf6 34. Nc3 h6 35.
Ke3 Nd5+ 36. Nxd5+ Bxd5 37. Kd4 Ke6 38. Bd3 Bb7 39. Bc4+ Kf6 40. Bd5 Ba6 41. Be4 Bf1 42. f4 Ke6 43. h4 Bb5 44. Bd5+ Kf6 45. Be4 Ke6 46.
g3 Be8 47. Kc4 Kd6 48. Kd4 Bd7 49. Bd5 Be8 50. Be4 f6 51. Kc4 g5 52. hxg5 hxg5 53. fxg5 fxg5 54. Kd4 Bf7 55. Bf5 Be8 56. Bg4 Bc6 57. Bf5 Be8 58. Bg4 Bg6 59. Bf3 Bf5 60. Be2 Bd7 61. Bf3 Bb5 62.
Be4 Bd7 63. Bf3 Be6 64. Be2 Bb3 65.
Bf3 Ke6 66. Bg4+ Kf6 67. Ke4 Bc4 68.
Kd4 Bf7 69. Ke4 Ba2 70. Kd4 Bb3 71. Ke4 Ba2 72. Kd4 Bf7 73. Ke4 a6 74. Bh3 Bc4 75. Bg4 a5 76. Kd4 Bf7 77. Ke4 Ba2 78.
Kd4 Bf7 79. Ke4 Bc4 80. Kd4 Bb3 81. Ke4 Ba2 82. Kd4 Bf7 83. Ke4 Bg8 84. Kd4 Ba2 1/2-1/2

[Event "MČR juniorů a juniorek v rapid šachu 2023"]
[Site "Czech Republic"]
[Date "2023.09.24"]
[Round "7.22"]
[White "Merinsky, Vaclav"]
[Black "Boff, Ondrej"]
[Result "1-0"]
[TimeControl "20 min + 5 sec per move"]
[WhiteFideId "390062"]
[BlackFideId "23733950"]
[WhiteElo "1869"]
[BlackElo "1486"]

1. e4 c5 2. d4 cxd4 3. Qxd4 Nc6 4. Qd1 d6 5. Nc3 Nf6 6. Nf3 g6 7. Bf4 Bg7 8. Qd2 O-O 9. Bc4 a6 10.
Bh6 b5 11. Bd5 Bb7 12. Bxg7 Kxg7 13. O-O Rc8 14. a3 Na5 15. Bxb7 Nxb7 16. Rfe1 Na5 17. Qd4 Rc4 18. Qd3 Qc7 19.
Rab1 Rd8 20. Rbc1 Rc5 21. Ne2 Nc4 22. b4 Rc6 23. Ned4 Rb6 24. Ng5 Qc8 25. Qg3 h6 26. Nh3 Ne5 27.
Nf4 g5 28. Nd3 Ng6 29. Nf5+ Kh7 30. Qh3 h5 31. Qe3 e6 32. Qxb6 exf5 33. exf5 Nh4 34. Re7 Nxf5 35. Rxf7+ Kg6 36.
Qc7 Qa8 37. Qb7 Qxb7 38. Rxb7 Nd5 39. Ra7 Nc3 40. Kf1 Nd4 41. Rxa6 Kf5 42. Re1 Nxc2 43. Rc1 Nxb4 44. axb4 Nd5 45.
g3 Ke4 46. Rd1 Kd4 47. Nf4+ Kc4 48. Nxd5 1-0

[Event "MČR juniorů a juniorek v rapid šachu 2023"]
[Site "Czech Republic"]
[Date "2023.09.24"]
[Round "7.23"]
[White "Pavlis, Matej"]
[Black "Stary, Simon"]
[Result "1-0"]
[TimeControl "20 min + 5 sec per move"]
[WhiteFideId "23735767"]
[BlackFideId "23734353"]
[WhiteElo "1771"]
[BlackElo "1518"]

1. c4 e6 2. g3 d5 3. Bg2 Nf6 4. Nc3 Be7 5. d4 c6 6. Nf3 O-O 7. O-O Nbd7 8. Nd2 Re8 9. e4 dxe4 10.
Ndxe4 Nxe4 11. Nxe4 Nf6 12. Be3 Nxe4 13. Bxe4 Bf6 14. Qd3 g6 15. Rad1 e5 16. d5 cxd5 17. cxd5 Bh3 18. Rfe1 Bg7 19.
d6 Qd7 20. Qb3 b6 21. Bxa8 Rxa8 22. Qd5 Rd8 23. b3 Be6 24. Qd3 Qb7 25.
Bc1 Bf5 26. Qd5 Qa6 27. Bg5 Rd7 28. Qa8+ Bf8 29. Bh6 1-0

[Event "MČR juniorů a juniorek v rapid šachu 2023"]
[Site "Czech Republic"]
[Date "2023.09.24"]
[Round "7.24"]
[White "Housa, Jan"]
[Black "Jun, Robert"]
[Result "0-1"]
[TimeControl "20 min + 5 sec per move"]
[WhiteFideId "23736356"]
[BlackFideId "23709510"]
[WhiteElo "1439"]
[BlackElo "1340"]

1. d4 d5 2. c4 e6 3. Nf3 c5 4. cxd5 exd5 5. g3 Nf6 6. Bg2 Nc6 7. O-O cxd4 8.
Nxd4 Bc5 9. Nb3 Bb6 10. Bg5 d4 11.
N1d2 O-O 12. Ne4 Bf5 13. Nxf6+ gxf6 14. Bf4 d3 15. exd3 Qxd3 16. Qxd3 Bxd3 17. Rfd1 Rad8 18. Rd2 Rd7 19.
Be4 Rfd8 20. Rad1 Be2 21. Rxd7 Bxd1 22. Rxb7 Bxb3 23. axb3 Nd4 24. Be3 Rd6 25. b4 Kg7 26. Kg2 Ne6 27. Bxb6 Rxb6 28. Rxa7 Rxb4 29.
Bd5 Kg6 30. b3 Rd4 31. Bc4 h5 32. h4 Rd6 33. b4 Rd4 34. Bxe6 fxe6 35. b5 Rb4 36. Rb7 Kf5 37. b6 Ke5 38.
Rh7 Rxb6 39. Rxh5+ Kd6 40. g4 Rb4 41. Kg3 e5 42.
Rf5 Ke6 43. f3 Rb3 44. Kf2 Rc3 45. Rh5 Kf7 46. Rh7+ Kg6 47. Ra7 Rc2+ 48. Ke3 Rc3+ 49. Ke2 Rc2+ 50. Kd3 Rh2 51. h5+ Kg5 52.
Ke3 Rb2 53. Rg7+ Kh4 54. h6 Kg3 55. h7 Rh2 56. Ke4 Rh4 57. Ke3 0-1

[Event "MČR juniorů a juniorek v rapid šachu 2023"]
[Site "Czech Republic"]
[Date "2023.09.24"]
[Round "7.26"]
[White "Krajicek, Matthew"]
[Black "Pistej, Tomas"]
[Result "0-1"]
[TimeControl "20 min + 5 sec per move"]
[WhiteFideId "23740175"]
[BlackFideId "23750740"]
[WhiteElo "1283"]
[BlackElo "1640"]

1. d4 d5 2. Bf4 Nf6 3. e3 c5 4. c3 Nc6 5. Bd3 e6 6. Nf3 Be7 7. Nbd2 O-O 8. O-O b6 9. Ne5 Nxe5 10.
dxe5 Nd7 11. Qg4 g6 12. Nf3 f5 13. exf6 Nxf6 14. Qh3 e5 15. Qh6 e4 0-1

[Event "MČR juniorů a juniorek v rapid šachu 2023"]
[Site "Czech Republic"]
[Date "2023.09.24"]
[Round "7.27"]
[White "Dudkova, Josefina"]
[Black "Glasbergerova, Lucie"]
[Result "1-0"]
[TimeControl "20 min + 5 sec per move"]
[WhiteFideId "23712350"]
[BlackFideId "23725184"]
[WhiteElo "1437"]
[BlackElo "1314"]

1. d4 d5 2. Bf4 Nc6 3. e3 a6 4. c3 Bf5 5. Nf3 Nf6 6. Nbd2 e6 7. Be2 Bd6 8. Ne5 Bxe5 9. dxe5 Ne4 10.
g4 Bg6 11. h4 h6 12. Nf3 f5 13. exf6 Nxf6 14. g5 Ne4 15. gxh6 gxh6 16. Nd4 Nxd4 17. Qxd4 Rh7 18. f3 Nd6 19.
O-O-O Nf5 20. Qe5 Qe7 21. h5 Bf7 22. Bd3 Bg8 23. Bxf5 exf5 24. Qxf5 Be6 25. Qg6+ Qf7 26. Bxh6 O-O-O 27. Qxf7 Bxf7 28. Bf4 Rxh5 29. Rhg1 Rh3 30. Rg7 Rd7 31. Rg3 Rxg3 32. Bxg3 Bh5 33. Rf1 Re7 34. Kd2 c5 35. Bd6 Rf7 36.
f4 b6 37. b4 c4 38. f5 Kd7 39. Be5 Bg4 40. f6 Ke6 41. Bd4 b5 42. Rg1 Bf5 43. Rg8 Kd6 44. Ra8 Kc7 45. Ra7+ 1-0

[Event "MČR juniorů a juniorek v rapid šachu 2023"]
[Site "Czech Republic"]
[Date "2023.09.24"]
[Round "7.28"]
[White "Stara, Zuzana"]
[Black "Tvaroh, Vitezslav"]
[Result "1-0"]
[TimeControl "20 min + 5 sec per move"]
[WhiteFideId "23733543"]
[BlackFideId "23704209"]
[WhiteElo "1377"]
[BlackElo "1303"]

1. e4 c5 2. Nf3 d6 3. d4 cxd4 4. Nxd4 Nf6 5. Nc3 g6 6. Be3 Bg7 7. f3 Nc6 8. Qd2 Nxd4 9. Bxd4 a6 10.
g4 h5 11. g5 e5 12. gxf6 Qxf6 13. Be3 Qxf3 14. Bg2 Qg4 15. h3 Qe6 16. Nd5 Qd7 17. Nb6 Qb5 18. Nxa8 Qxb2 19. Nc7+ Kf8 20.
O-O Kg8 21. Ne8 1-0

[Event "MČR juniorů a juniorek v rapid šachu 2023"]
[Site "Czech Republic"]
[Date "2023.09.24"]
[Round "7.29"]
[White "Jun, Rostislav"]
[Black "Cinkova, Vicky"]
[Result "1-0"]
[TimeControl "20 min + 5 sec per move"]
[WhiteFideId "23719524"]
[BlackFideId "23725826"]
[WhiteElo "1317"]
[BlackElo "1300"]

1. e4 c5 2. Nf3 a6 3. d4 cxd4 4. Nxd4 g6 5. Nc3 Bg7 6. Be3 Nc6 7. Be2 Nf6 8. O-O O-O 9. Nxc6 dxc6 10.
f4 Qc7 11. e5 Rd8 12. Qe1 Nd5 13. Nxd5 Rxd5 14. Qf2 Bf5 15. c4 Rd7 16. Rad1 Rxd1 17. Rxd1 b5 18. Bb6 Qb7 19. c5 f6 20.
g4 Bc2 21. Rc1 Be4 22. exf6 exf6 23. b3 f5 24. Rd1 Rf8 25. gxf5 Bxf5 26. Bd3 Bxd3 27. Rxd3 Qc8 28. Qg3 Qf5 29.
Rf3 Bh6 30. h3 Bxf4 31. Qg4 Bh2+ 32. Kg2 Qc2+ 33. Kh1 Rxf3 34. Qxf3 Qxa2 35. Qxc6 Bf4 36. Qe6+ Kg7 37. Qd7+ Kh6 38. Bd8 Qb1+ 39. Kg2 Qc2+ 40. Kf3 Bg5 41. Bxg5+ Kxg5 42. Qg4+ Kh6 43. Qh4+ Kg7 44. Qe7+ Kh6 45. Qh4+ Kg7 46.
Qe7+ Kh6 47. Qh4+ Kg7 48. Qd4+ Kh6 49. Qf4+ Kg7 50. Qe5+ Kh6 51. Qe3+ Kg7 52. Qe5+ Kh6 53. Qe3+ Kg7 54. Kf4 Qf5+ 55. Kg3 h5 56. c6 Qc8 57. Qe7+ Kh6 58. Qe3+ g5 59. Qe4 Qc7+ 60. Kf2 Qh2+ 61. Kf3 Qxh3+ 62. Ke2 Qh2+ 63. Kd3 Qh3+ 64. Kd4 Qc8 65.
Kc5 Qf8+ 66. Kd5 Qd8+ 67. Kc5 Qf8+ 68. Kd4 Qd6+ 69. Qd5 Qf4+ 70. Kc5 Qf8+ 71. Qd6+ Qxd6+ 72. Kxd6 h4 73. c7 h3 74. c8=Q a5 75. Qxh3 Kg6 76. Qe6 Kh5 77. Qe2+ g4 78. Qxb5+ Kh4 79. Qf1 g3 80. Qg2 Kg4 81. Ke5 Kh4 82. Kd5 Kg4 83. Kc5 Kh4 84. Kb5 1-0

[Event "MČR juniorů a juniorek v rapid šachu 2023"]
[Site "Czech Republic"]
[Date "2023.09.24"]
[Round "7.30"]
[White "Beran, Jakub"]
[Black "Bela, Lukas"]
[Result "1-0"]
[TimeControl "20 min + 5 sec per move"]
[WhiteFideId "23727071"]
[BlackFideId "23738545"]
[WhiteElo "1645"]
[BlackElo "1297"]

1. c4 e5 2. Nc3 d6 3. g3 Nc6 4.
Bg2 f5 5. e3 Nf6 6. d4 e4 7. f3 d5 8. cxd5 Nxd5 9. fxe4 Nxc3 10. bxc3 Qg5 11. e5 Qd8 12. Nf3 Be7 13. O-O O-O 14.
d5 Na5 15. d6 cxd6 16. Ba3 Nc4 17. Qd5+ Kh8 18. Qxc4 Qb6 19. Qd4 Rd8 20. Qxb6 axb6 21. Bxd6 Bxd6 22. exd6 Rxd6 23. Nd4 g6 24.
e4 Ra5 25. Rfe1 Re5 26. exf5 Rxe1+ 27. Rxe1 gxf5 28. Re8+ Kg7 29. Rxc8 Kg6 30. Rf8 Rd7 31. Rxf5 Rxd4 32. cxd4 Kxf5 33.
Bxb7 Ke6 34. a4 Kd6 35. d5 Kc7 36. Bc6 h6 37. Kg2 1-0

[Event "MČR juniorů a juniorek v rapid šachu 2023"]
[Site "Czech Republic"]
[Date "2023.09.24"]
[Round "7.32"]
[White "Macova, Marketa"]
[Black "Martinkovicova, Nela"]
[Result "1-0"]
[TimeControl "20 min + 5 sec per move"]
[WhiteFideId "23715588"]
[BlackFideId "23715596"]
[WhiteElo "1228"]
[BlackElo "1049"]

1. e4 c6 2. d4 d5 3. exd5 cxd5 4.
Nc3 Nf6 5. Bg5 Bf5 6. Nf3 g6 7. Bb5+ Nbd7 8. Bxf6 exf6 9. Qe2+ Be6 10. Nxd5 Qa5+ 11. b4 Qd8 12. O-O Bg7 13. Nf4 Qe7 14.
Rfe1 O-O 15. Nxe6 fxe6 16. Qxe6+ Qxe6 17. Rxe6 Rad8 18. Re7 Rf7 19. Bc4 Rdf8 20. Rxd7 Bh6 21. Rxb7 Kg7 22. Bxf7 Rxf7 23.
Rxf7+ Kxf7 24. Kf1 f5 25. Ke2 Kf6 26.
c4 Bf8 27. b5 Ke6 28. Kd3 Kd7 29. Re1 Bd6 30. c5 Bc7 31. h3 h6 32. Ne5+ Kd8 33. Nxg6 Kd7 34. Ne5+ Kd8 35. Nf7+ Kd7 36.
Nxh6 Ba5 37. Re2 Bc7 38. Nxf5 Kd8 39. Re7 Kc8 40. Rxc7+ Kxc7 41. Ke4 Kd7 42. Ke5 Kd8 43. Kd6 Kc8 44.
h4 a6 45. bxa6 Kb8 46. h5 Ka7 47. h6 Kxa6 48. h7 Kb5 49. h8=Q Kc4 50. Ne3+ Kc3 51. d5+ Kb4 52. Kc6 Ka3 53. Qc3+ Kxa2 54. Nc4 Kb1 55. Qb2# 1-0

[Event "MČR juniorů a juniorek v rapid šachu 2023"]
[Site "Czech Republic"]
[Date "2023.09.24"]
[Round "8.1"]
[White "Hurtik, Matej"]
[Black "Ocelak, Jakub"]
[Result "1/2-1/2"]
[TimeControl "20 min + 5 sec per move"]
[WhiteFideId "397997"]
[BlackFideId "23707933"]
[WhiteElo "1930"]
[BlackElo "2025"]

1. e4 e5 2. Nf3 Nc6 3. Bc4 Bc5 4. b4 Bxb4 5. c3 Be7 6. d4 Na5 7. Be2 d6 8. O-O Nf6 9.
Qa4+ c6 10. dxe5 dxe5 11. Nxe5 O-O 12. Bf4 Be6 13. Rd1 Qb6 14. Nd2 Qc5 15. Rab1 Qa3 16. Qc2 b6 17. Rb2 b5 18. Nb3 Nxb3 19.
axb3 Qa6 20. h3 1/2-1/2

[Event "MČR juniorů a juniorek v rapid šachu 2023"]
[Site "Czech Republic"]
[Date "2023.09.24"]
[Round "8.2"]
[White "Pressler, Tobias"]
[Black "Cibulka, Josef"]
[Result "1-0"]
[TimeControl "20 min + 5 sec per move"]
[WhiteFideId "23715359"]
[BlackFideId "23708042"]
[WhiteElo "1859"]
[BlackElo "1922"]

1. e4 e5 2. Nf3 Nc6 3. d4 exd4 4. Nxd4 Bc5 5. Be3 Bxd4 6. Bxd4 Nxd4 7. Qxd4 Nf6 8. Nc3 O-O 9. Be2 d6 10.
O-O-O Be6 11. f3 Qe7 12. g4 Rfd8 13. Kb1 c5 14. Qe3 a6 15. g5 Ne8 16. f4 b5 17. Bf3 b4 18. Ne2 Ra7 19. Ng3 f5 20. Rhe1 Qf8 21. exf5 Bf7 22. h4 Nc7 23.
h5 g6 24. hxg6 hxg6 25. fxg6 Bxg6 26.
Be4 Re8 27. Qd3 Bxe4 28. Nxe4 Rxe4 29.
Qxe4 d5 30. Qg6+ Qg7 31. Qb6 Nb5 32. Re8+ Kf7 33. Qe6# 1-0

[Event "MČR juniorů a juniorek v rapid šachu 2023"]
[Site "Czech Republic"]
[Date "2023.09.24"]
[Round "8.3"]
[White "Prazak, Daniel"]
[Black "Jun, Rudolf"]
[Result "1/2-1/2"]
[TimeControl "20 min + 5 sec per move"]
[WhiteFideId "23709456"]
[BlackFideId "376612"]
[WhiteElo "2029"]
[BlackElo "2151"]

1. d4 Nf6 2. Nf3 e6 3. c4 c5 4. d5 exd5 5. cxd5 d6 6. Nc3 a6 7. a4 g6 8. Nd2 Nbd7 9. e4 Bg7 10. Be2 O-O 11. O-O Re8 12. f3 Nh5 13. Nc4 Bd4+ 14. Kh1 Ne5 15.
g4 Ng7 16. Bf4 h5 17. Nxe5 dxe5 18. Bh6 h4 19. Qd2 f6 20. f4 Qd6 21. f5 Bd7 22. fxg6 Rf8 23. Rf5 Be8 24. Bxg7 Kxg7 25. Bd3 Bxg6 26. Rf3 b5 27. axb5 axb5 28. Rxa8 Rxa8 29. Nxb5 Qd7 30. Nxd4 cxd4 31. h3 Rf8 32.
Kg2 Qe7 33. Rf2 Rb8 34. Qc2 Rb7 35. Qc6 Rc7 36. Qb6 Rb7 37. Qa5 Rb3 38. Rc2 Kh6 39. Qd2+ Kg7 40. Qa5 Kh6 41. Qd2+ Kg7 42. Qa5 Bf7 43. Qd2 Bg6 44.
Qa5 Kh6 45. Qd2+ 1/2-1/2

[Event "MČR juniorů a juniorek v rapid šachu 2023"]
[Site "Czech Republic"]
[Date "2023.09.24"]
[Round "8.4"]
[White "Hlavina, Matous"]
[Black "Vilimek, Vit"]
[Result "0-1"]
[TimeControl "20 min + 5 sec per move"]
[WhiteFideId "386650"]
[BlackFideId "23718218"]
[WhiteElo "2005"]
[BlackElo "1898"]

1. b3 d5 2. Bb2 c5 3. e3 Nc6 4. Bb5 Nf6 5. f4 Qc7 6. Nf3 Bg4 7.
O-O a6 8. Bxc6+ Qxc6 9. Qe1 e6 10. Ne5 Qc7 11. d3 Bf5 12. Nd2 h5 13. Rd1 O-O-O 14. h3 Rg8 15. Ndf3 Nh7 16. g4 hxg4 17.
hxg4 g5 18. gxf5 gxf4+ 19. Kf2 fxe3+ 20. Qxe3 d4 21. Qf4 Bd6 22. Rh1 Ng5 23. Rde1 Nxf3 24. Qxf3 Bxe5 25. Reg1 Bf4 26. Bc1 Bxc1 27. Rxc1 exf5 28. Qxf5+ Kb8 29.
Rcg1 Rde8 30. Qf3 Rxg1 31. Rxg1 Qh2+ 32. Rg2 Qe5 33. Qg3 Kc8 34. Qxe5 Rxe5 35. Rg7 Re7 36. Rg5 b6 37. a4 Kc7 38. a5 Kc6 39. axb6 Kxb6 40. Rf5 Kb5 41. Rf6 a5 42. Rd6 Kb4 43. Rd5 f6 44.
Rd6 Kc3 45. Rxf6 Kxc2 46. Rc6 Re5 47.
Ra6 Kxd3 48. Rxa5 Kc3 49. Rb5 d3 50. Ra5 d2 51. Ra1 Kb2 0-1

[Event "MČR juniorů a juniorek v rapid šachu 2023"]
[Site "Czech Republic"]
[Date "2023.09.24"]
[Round "8.5"]
[White "Sulc, Jakub"]
[Black "Dolensky, Filip"]
[Result "1-0"]
[TimeControl "20 min + 5 sec per move"]
[WhiteFideId "394050"]
[BlackFideId "399000"]
[WhiteElo "1920"]
[BlackElo "1942"]

1. c4 e5 2. Nc3 f5 3. e3 Nf6 4. d4 d6 5. Nge2 Nc6 6. f3 g6 7. g3 Bg7 8. Bg2 O-O 9. O-O Bd7 10.
a3 Qe7 11. b4 Nd8 12. Qd3 Nf7 13. Bb2 Rae8 14. Rae1 c6 15. Qd2 Bh6 16. d5 cxd5 17. cxd5 Rc8 18. Rc1 Rfe8 19. Na2 Bb5 20.
Rxc8 Rxc8 21. Nac3 Bd7 22. Rc1 Qd8 23.
f4 Bg7 24. e4 Qb6+ 25. Kh1 Ng4 26.
Bf3 Nfh6 27. Nd1 Rxc1 28. Qxc1 Nf2+ 29. Kg2 Nxe4 30. Bxe4 fxe4 31. fxe5 dxe5 32. Ne3 Nf5 33. Nc4 Qc7 34.
Ne3 Qd6 35. Nc3 Bh6 36. Nxf5 gxf5 37. Qe1 e3 38. Qe2 f4 39. Qc4 Bg4 40. Ne4 f3+ 41. Kf1 e2+ 42. Ke1 Qf8 43. Bxe5 f2+ 44. Nxf2 Bd7 45. d6+ Qf7 46. Qxf7+ Kxf7 47. Kxe2 Ke6 48. Nd3 Bb5 49. Bf4 Bxf4 50. gxf4 Kxd6 51. Ke3 Kd5 52.
Nc5 b6 53. Ne4 h6 54. Nc3+ Kc6 55. Nxb5 Kxb5 56. Kd4 Ka4 57.
f5 Kxa3 58. Kc3 b5 59. f6 a5 60. bxa5 b4 61. Kc4 b3 62. f7 b2 63. f8=Q+ Ka2 64. Qf2 Ka1 65. Qxb2+ Kxb2 66. a6 1-0

[Event "MČR juniorů a juniorek v rapid šachu 2023"]
[Site "Czech Republic"]
[Date "2023.09.24"]
[Round "8.6"]
[White "Bezdek, Tomas"]
[Black "Slaby, Matej"]
[Result "1/2-1/2"]
[TimeControl "20 min + 5 sec per move"]
[WhiteFideId "23733551"]
[BlackFideId "23734876"]
[WhiteElo "1933"]
[BlackElo "1922"]

1. e4 d5 2. exd5 Qxd5 3. d4 Nc6 4. Nf3 e5 5. dxe5 Qxd1+ 6. Kxd1 Bc5 7. Nc3 Bg4 8. Bb5 O-O-O+ 9. Ke1 Bxf3 10. gxf3 Nd4 11. Bd3 Nxf3+ 12. Ke2 Nxe5 13. Bf5+ Kb8 14.
Bf4 Nc6 15. Nb5 Bb6 16. c3 Nge7 17. Be4 Rhe8 18. Kf3 a6 19. Na3 Nd5 20. Bxd5 Rxd5 21. Nc4 Ba7 22. Rad1 Red8 23. Rxd5 Rxd5 24. Re1 Kc8 25. Re8+ Rd8 26. Re2 b5 27. Nd2 h6 28.
h4 Rd7 29. Re8+ Rd8 30. Re2 Bc5 31.
Ne4 Be7 32. h5 Rd7 33. Ng3 Nd8 34. Nf5 Ne6 35. Be5 Bf8 36. Nd4 Nxd4+ 37. Bxd4 Kd8 38. Re4 Rd5 39. Re5 Rxe5 40. Bxe5 Kd7 41. Ke4 g6 42. hxg6 fxg6 43. b3 Bd6 44. Bg7 h5 45. f4 Ke6 46. c4 c6 47. cxb5 cxb5 48. a4 h4 49. axb5 axb5 50. Bd4 h3 51. Bg1 Kd7 52. Kf3 Ke6 53. Ke4 Bc5 54. Bh2 Bb6 55. Kf3 Kf5 56. Kg3 Be3 57. Kf3 Bd2 58. Bg3 Bc1 59. Bh2 Bb2 60. Kg3 Bc1 61. Kf3 Bd2 62. Bg3 Bc3 63. Bh2 Bd4 64. Kg3 Ke4 65. Kxh3 Kf3 66. Kh4 Be3 67.
Kg5 Ke4 68. Bg3 Bd2 69. Bf2 Bxf4+ 70. Kxg6 Kd3 71. Kf5 Bd2 72. Ke5 Bb4 73. Kd5 Kc2 74. Kc6 1/2-1/2

[Event "MČR juniorů a juniorek v rapid šachu 2023"]
[Site "Czech Republic"]
[Date "2023.09.24"]
[Round "8.7"]
[White "Garabik, Marek"]
[Black "Stejskal, Michal"]
[Result "1-0"]
[TimeControl "20 min + 5 sec per move"]
[WhiteFideId "23717742"]
[BlackFideId "398195"]
[WhiteElo "1787"]
[BlackElo "1959"]

1. e4 e6 2. d4 d5 3. exd5 exd5 4. Nc3 Be6 5. Bd3 Nc6 6. Nge2 Bd6 7.
f3 Nge7 8. Be3 a6 9. Qd2 Qd7 10.
O-O-O Nb4 11. h3 Nxd3+ 12. Qxd3 O-O-O 13. g4 Nc6 14. Nf4 Bb4 15. a3 Bxc3 16. Qxc3 Rhe8 17. Rhe1 f6 18. Nxe6 Rxe6 19.
Bf2 Rde8 20. Rxe6 Rxe6 21. Re1 Ne7 22. Rxe6 Qxe6 23. Qe1 Kd7 24. Kd2 Qb6 25. Kc1 f5 26. Qe5 fxg4 27. hxg4 Qh6+ 28. Kb1 Qh1+ 29. Ka2 Qxf3 30. Bh4 Qf7 31. Bg3 Qe6 32.
Qxc7+ Ke8 33. Bh4 b5 34. Bxe7 Qxe7 35. Qc8+ Kf7 36. Qf5+ Qf6 37. Qxd5+ Qe6 38. Qxe6+ Kxe6 39. Kb1 Kd5 40.
c3 a5 41. b3 h6 42. Kc2 g6 43.
Kd3 h5 44. c4+ Kc6 45. gxh5 gxh5 46. Ke4 a4 47. cxb5+ Kxb5 48. bxa4+ Kxa4 49. d5 Kb5 50.
a4+ Kc5 51. a5 h4 52. a6 h3 53. Kf3 Kb6 54.
d6 1-0